 Dungeon Crawl Stone Soup version 0.29.0-15-g675c0067aa (webtiles) character file.

Game seed: 6245804113301405652

7 Descartes the Scratcher (level 1, 0/10 HPs)
             Began as a Felid Wanderer on Sept 11, 2022.
             Constricted to death by a ball python (1 damage)
             ... on level 1 of the Dungeon.
             The game lasted 00:00:21 (248 turns).

Descartes the Scratcher (Felid Wanderer)             Turns: 248, Time: 00:00:22

Health: 0/10       AC:  1    Str:  8    XL:     1   Next: 91%
Magic:  2/2        EV: 13    Int: 11    God:
Gold:   0          SH:  0    Dex: 17    Spells: 0/0 levels left
                                        Lives:  0   Deaths: 0

rFire   . . .      SeeInvis +     - Unarmed
rCold   . . .      Faith    .   (shield unavailable)
rNeg    . . .      Spirit   .   (body armour unavailable)
rPois   .          Reflect  .   (helmet unavailable)
rElec   .          Harm     .   (cloak unavailable)
rCorr   .          Rampage  .   (gloves unavailable)
Will    .....                   (boots unavailable)
Stlth   ++........              (no amulet)
HPRegen 0.03/turn               (no ring)
MPRegen 0.08/turn               (no ring)

@: constricted, quick
A: very small, claws 1, fangs 3, see invisible, speed 1, shaggy fur 1, stealthy
paws, no weapons or thrown items, no armour, multi-lived
a: no special abilities


You were on level 1 of the Dungeon.
You visited 1 branch of the dungeon, and saw 1 of its levels.

Inventory:

Wands
 d - a wand of polymorph (6) (quivered)
Scrolls
 b - a scroll of blinking
 c - a scroll of fog
Potions
 a - 2 potions of heal wounds


   Skills:
 - Level 3.0 Fighting
 + Level 0.9 Dodging
 + Level 1.9 Stealth
 + Level 4.1 Unarmed Combat
 + Level 2.4 Evocations


You couldn't memorise any spells.
You didn't know any spells.
Your spell library was empty.

Dungeon Overview and Level Annotations

Branches:
Dungeon (1/15)

Altars:


Innate Abilities, Weirdness & Mutations

You have sharp claws.
You have razor-sharp teeth.
You have supernaturally acute eyesight. (SInv)
You cover ground quickly. (Speed+)
You are covered in fur. (AC +1)
Your paws help you pounce on unaware monsters.
You are incapable of wielding weapons or throwing items.
You cannot wear armour.
You gain extra lives every three experience levels.


Message History

You scratch the jackal.
You kill the jackal!
No target in view!
No target in view!
No target in view!
No target in view!
No target in view!
No target in view!
No target in view!
No target in view!
No target in view!
No target in view!
No target in view!
A dart slug comes into view.
You see here a jackal corpse.
A kobold comes into view. It is wielding a +0 short sword.
A jackal and a ball python come into view.
The kobold shouts!
A ball python comes into view.
The jackal barks!
The ball python hisses angrily.
You scratch the dart slug. You bite the dart slug.
The dart slug is heavily wounded.
You scratch the dart slug.
The dart slug is almost dead.
The dart slug launches a dart at you. The slug dart hits you.
You scratch the dart slug.
You kill the dart slug!
The jackal completely misses you. The kobold barely misses you.
You closely miss the kobold. The jackal misses you.
The ball python misses you. x2
The ball python barely misses you. The ball python grabs you.
The ball python constricts you.
The kobold hits you with a +0 short sword.
* * * LOW HITPOINT WARNING * * *
The jackal bites you.
* * * LOW HITPOINT WARNING * * *
The ball python's grasp on you weakens, but your attempt to escape fails.
The ball python barely misses you. The ball python closely misses you.
The ball python constricts you.
You die...

..........##....#####
.....................
.....................
...........†........
.##.#.....##....###
.........##....###
...........≈......#
.##.#.....≈≈....#.#.#...
#.#......≈...K@S...... #
#≈≈≈.......hS.......
≈≈.................#
#...........#....#
.≈~......##.#....#
.≈~...... .. ....
.≈≈.... ... ..# ......
### ..#


You could see a jackal, 2 ball pythons and a kobold.

Vanquished Creatures
  A dart slug (D:1)
  2 giant cockroaches (D:1)
  A jackal (D:1)
  A ball python (D:1)
5 creatures vanquished.

Notes
Turn   | Place    | Note
-------+----------+-------------------------------------------
     0 | D:1      | Descartes the Felid Wanderer began the quest for the Orb.
     0 | D:1      | Descartes set off with the following items: 2 potions of
                  | heal wounds, a scroll of blinking, a scroll of fog, a wand
                  | of polymorph (6).
     0 | D:1      | Reached XP level 1. HP: 10/10 MP: 2/2
   248 | D:1      | Constricted to death by a ball python

Illustrated notes

Levels and vault maps discovered:
D:1:      onia_arrival_pyramid, layout_basic, serial_rivers,
          chequers_serial_rivers_small_b, chequers_serial_rivers_micro_b,
          chequers_serial_rivers_micro_d, chequers_serial_rivers_small_3,
          serial_park_tiny_2

Action                   || total
-------------------------++-------
Melee: Unarmed           ||    17
       Bite              ||     3
Armor: Skin              ||     1
Dodge: Dodged            ||    15
